 Dungeon Crawl Stone Soup version 0.29.0-4-gdea44cf6ec (webtiles) character file.

Game seed: 9683679089402716067

154 qw the Chopper (level 5, -2/37 HPs)
             Began as a Barachi Chaos Knight on Sept 4, 2022.
             Slain by a chaos spawn (6 damage)
             ... summoned by Xom
             ... on level 3 of the Dungeon.
             The game lasted 00:01:36 (3247 turns).

qw the Chopper (Barachi Chaos Knight)               Turns: 3247, Time: 00:01:36

Health: -2/37      AC:  6    Str: 16      XL:     5   Next: 35%
Magic:  5/5        EV: 10    Int: 12      God:
Gold:   164        SH:  0    Dex: 10 (11) Spells: 4/4 levels left

rFire   . . .      SeeInvis .   b - +0 war axe
rCold   . . .      Faith    .   (no shield)
rNeg    . . .      Spirit   .   e - +0 ring mail
rPois   .          Reflect  .   (no helmet)
rElec   .          Harm     .   o - +0 cloak
rCorr   .          Rampage  .   (no gloves)
Will    .....                   (no boots)
Stlth   ..........              (no amulet)
HPRegen 0.12/turn               (no ring)
MPRegen 0.09/turn               (no ring)

@: unable to read, slow
A: amphibious, slowness 1, strong legs 1, +LOS, frail 1, screaming 1, inability
to read after injury 2
a: Hop


You were on level 3 of the Dungeon.
You visited 1 branch of the dungeon, and saw 3 of its levels.

You collected 164 gold pieces.


Innate Abilities, Weirdness & Mutations

You are amphibious.
You cover ground slowly.
You can hop short distances.
You have an extended range of vision and can be seen from far away.
You are frail. (-10% HP)
You occasionally shout uncontrollably at your foes.
You sometimes lose the ability to read scrolls when taking damage.


   Skills:
 - Level 4.0 Fighting
 + Level 6.2 Axes
 - Level 2.4 Armour
 - Level 1.1 Dodging


You had 4 spell levels left.
You didn't know any spells.
Your spell library was empty.

Inventory:

Hand Weapons
 b - a +0 war axe (weapon)
 m - a +0 hand axe of flaming
Armour
 e - a +0 ring mail (worn)
 h - a +0 scale mail
 o - a +0 cloak (worn)
Jewellery
 g - a ring of willpower
Scrolls
 a - 2 scrolls of identify
 l - a scroll of fear {unknown}
Potions
 d - 2 potions of curing
 f - a potion of lignification {unknown}
 i - a potion of resistance {unknown}
 j - a potion of berserk rage {unknown}
 k - a potion of haste {unknown}
Miscellaneous
 c - a piece from Xom's chessboard (15/15)

Dungeon Overview and Level Annotations

Branches:
Dungeon (3/15)

Altars:
Kikubaaqudgha
Xom
The Shining One


Message History

You closely miss the quasit. You closely miss the white imp.
You barely miss the quasit.
The quasit bites you but does no damage.
The quasit claws you but does no damage.
The quasit closely misses you.
The quasit bites you but does no damage.
The quasit closely misses you.
The quasit claws you but does no damage.
The ufetubus closely misses you.
The ufetubus hits you but does no damage.
The crimson imp hits you.
The white imp hits you but does no damage.
The shadow imp disappears for a moment.
The smoke demon gestures at you. Xom smites you! The quasit misses you.
The quasit claws you but does no damage. x2
The quasit bites you but does no damage.
The quasit barely misses you. x2
The quasit bites you but does no damage.
The quasit barely misses you. The quasit misses you.
You miss the crimson imp.
The crimson imp is heavily wounded.
You closely miss the quasit. You barely miss the ufetubus.
You hit the chaos spawn but do no damage.
You barely miss the quasit. You hit the white imp but do no damage.
You hit the quasit but do no damage. The ufetubus hits you.
You feel threatened and lose the ability to read scrolls!
The ufetubus hits you but does no damage.
The quasit bites you but does no damage.
The quasit barely misses you.
The quasit claws you but does no damage.
The quasit bites you.
You feel clumsy.
The quasit claws you but does no damage. x2
The quasit barely misses you. The quasit closely misses you.
The quasit claws you but does no damage.
The crimson imp barely misses you. The chaos spawn gores you!
The chaos spawn shocks you.
You die...

..................... ...
.................#####...
.................#.......
..........)#.....#.......
######.....#.............
..# #...................>
..# #...........55.......
..###.........35555......
###...........54@55......
...............5.5....###
..............#########
..............#######.#
..............##......#
.......##.............#..
.......##...............7
.......##................
.......####+######....#..


You could see a smoke demon (summoned), a chaos spawn (summoned), 4 quasits, 3
crimson imps, 2 white imps, a shadow imp (summoned) and an ufetubus (summoned).

Vanquished Creatures
  Jessica (D:2)
  4 adders (D:3)
  A shadow imp (D:3)
  2 worms (D:3)
  A dart slug (D:1)
  2 orcs (D:3)
  3 bats
  5 endoplasms
  4 giant cockroaches
  9 goblins
  6 hobgoblins
  3 jackals (D:2)
  7 quokkas
  3 ball pythons
  2 frilled lizards
  9 kobolds
  6 rats
68 creatures vanquished.

Vanquished Creatures (others)
  A withered plant (D:2)
1 creature vanquished.

Grand Total: 69 creatures vanquished

Notes
Turn   | Place    | Note
-------+----------+-------------------------------------------
     0 | D:1      | qw the Barachi Chaos Knight began the quest for the Orb.
     0 | D:1      | Reached XP level 1. HP: 18/18 MP: 1/1
     0 | D:1      | 0 ||| qw: Version: 0.1-a-102-g441f92d
     0 | D:1      | 0 ||| qw: Game counter: 5362
     0 | D:1      | 0 ||| qw: Always use a shield: true
     0 | D:1      | 0 ||| qw: God list: Okawaru
     0 | D:1      | 0 ||| qw: Allow faded altars: false
     0 | D:1      | 0 ||| qw: Do Orc after D:15 true
     0 | D:1      | 0 ||| qw: Do second Lair branch before Depths: true
     0 | D:1      | 0 ||| qw: Lair rune preference: random
     0 | D:1      | 0 ||| qw: Plans: Normal
     0 | D:1      | 0 ||| PLANNING D:1-11
     0 | D:1      | Fell from the grace of Xom
    11 | D:1      | 11 ||| Stepping ~*~*~tactically~*~*~ (stealth).
   182 | D:1      | XOM: 3-stop teleportation journey
   306 | D:1      | Reached XP level 2. HP: 23/24 MP: 2/2
   327 | D:1      | Reached skill level 4 in Axes
   491 | D:1      | 491 ||| Stepping ~*~*~tactically~*~*~ (stealth).
   497 | D:1      | 497 ||| Stepping ~*~*~tactically~*~*~ (stealth).
   499 | D:1      | 499 ||| Stepping ~*~*~tactically~*~*~ (stealth).
   529 | D:1      | 529 ||| Stepping ~*~*~tactically~*~*~ (stealth).
   533 | D:1      | XOM: give mutation
   533 | D:1      | Gained mutation: You have a beak for a mouth. [Xom's
                  | mischief]
   560 | D:1      | 560 ||| Stepping ~*~*~tactically~*~*~ (stealth).
   566 | D:1      | 566 ||| Stepping ~*~*~tactically~*~*~ (hiding).
   623 | D:1      | XOM: give mutations
   623 | D:1      | Gained mutation: You are frail. (-10% HP) [Xom's mischief]
   623 | D:1      | Gained mutation: You occasionally lose the ability to read
                  | scrolls when taking damage. [Xom's mischief]
   623 | D:1      | Lost mutation: You have a beak for a mouth. [Xom's
                  | mischief]
   801 | D:1      | Reached XP level 3. HP: 26/26 MP: 3/3
  1071 | D:1      | 1071 ||| UPGRADING to +0 ring mail.
  1081 | D:1      | 1081 ||| DROPPING +2 leather armour.
  1082 | D:1      | 1082 ||| UPGRADING to +0 cloak.
  1087 | D:1      | 1087 ||| READING 2 scrolls labelled KAYMAAT QADERUE.
  1088 | D:1      | 1088 ||| READING scroll labelled HAET CUWIQ.
  1089 | D:1      | 1089 ||| READING scroll labelled CULARECEVAO.
  1090 | D:1      | 1090 ||| READING scroll labelled NEXKAD VEOV.
  1091 | D:1      | 1091 ||| READING scroll labelled YXEURE IMEXAF.
  1110 | D:2      | 1110 ||| Stepping ~*~*~tactically~*~*~ (stealth).
  1427 | D:2      | Found a faded altar of an unknown god.
  1475 | D:2      | Found an ancient bone altar of Kikubaaqudgha.
  1498 | D:2      | 1498 ||| Stepping ~*~*~tactically~*~*~ (stealth).
  1500 | D:2      | Reached skill level 5 in Axes
  1541 | D:2      | XOM: stat loss: -3 Int (9/12)
  1582 | D:2      | Noticed Jessica
  1592 | D:2      | Killed Jessica
  1593 | D:2      | Reached XP level 4. HP: 20/32 MP: 4/4
  1593 | D:2      | 1593 ||| FLEEEEING.
  1594 | D:2      | 1594 ||| FLEEEEING.
  1596 | D:2      | 1596 ||| FLEEEEING.
  1597 | D:2      | 1597 ||| FLEEEEING.
  1598 | D:2      | 1598 ||| FLEEEEING.
  1607 | D:2      | 1607 ||| FLEEEEING.
  1608 | D:2      | 1608 ||| FLEEEEING.
  1609 | D:2      | 1609 ||| FLEEEEING.
  1610 | D:2      | 1610 ||| FLEEEEING.
  1611 | D:2      | 1611 ||| FLEEEEING.
  1612 | D:2      | 1612 ||| FLEEEEING.
  1613 | D:2      | 1613 ||| FLEEEEING.
  1614 | D:2      | 1614 ||| FLEEEEING.
  1615 | D:2      | 1615 ||| FLEEEEING.
  1616 | D:2      | 1616 ||| FLEEEEING.
  1707 | D:2      | XOM: give mutations
  1707 | D:2      | Gained mutation: You sometimes lose the ability to read
                  | scrolls when taking damage. [Xom's mischief]
  1707 | D:2      | Gained mutation: Your body sometimes deteriorates upon
                  | taking damage. [Xom's mischief]
  1707 | D:2      | Lost mutation: Your body sometimes deteriorates upon taking
                  | damage. [Xom's mischief]
  1958 | D:2      | XOM: scenery: create altars
  1994 | D:2      | XOM: god gift: atropa-tipped dart
  2043 | D:2      | 2043 ||| READING scroll labelled DEVAEH SAPHUAF.
  2044 | D:2      | 2044 ||| DRINKING 3 brown potions.
  2045 | D:2      | 2045 ||| READING 2 scrolls of identify.
  2045 | D:2      | 2045 ||| IDENTIFYING fizzy ruby potion
  2046 | D:2      | 2046 ||| DROPPING potion of brilliance.
  2078 | D:3      | 2078 ||| Stepping ~*~*~tactically~*~*~ (stealth).
  2088 | D:3      | 2088 ||| STAIRDANCE
  2104 | D:2      | XOM: give mutations
  2104 | D:2      | Gained mutation: You occasionally shout uncontrollably at
                  | your foes. [Xom's mischief]
  2104 | D:2      | Gained mutation: Your spells are a little harder to cast,
                  | but a little more powerful. [Xom's mischief]
  2120 | D:2      | 2120 ||| Stepping ~*~*~tactically~*~*~ (stealth).
  2121 | D:2      | 2121 ||| Stepping ~*~*~tactically~*~*~ (stealth).
  2155 | D:2      | 2155 ||| Stepping ~*~*~tactically~*~*~ (stealth).
  2156 | D:2      | 2156 ||| Stepping ~*~*~tactically~*~*~ (stealth).
  2163 | D:2      | 2163 ||| Stepping ~*~*~tactically~*~*~ (stealth).
  2212 | D:2      | XOM: draining
  2251 | D:2      | 2251 ||| READING scroll labelled RELAIB JOCET.
  2269 | D:3      | 2269 ||| Stepping ~*~*~tactically~*~*~ (stealth).
  2336 | D:3      | XOM: give mutations
  2336 | D:3      | Lost mutation: Your spells are a little harder to cast, but
                  | a little more powerful. [Xom's mischief]
  2336 | D:3      | Gained mutation: You occasionally lose the ability to drink
                  | potions when taking damage. [Xom's mischief]
  2336 | D:3      | Lost mutation: You occasionally lose the ability to drink
                  | potions when taking damage. [Xom's mischief]
  2340 | D:3      | 2340 ||| SWAPPING to +0 war axe.
  2341 | D:3      | 2341 ||| DROPPING +1 hand axe of chaos.
  2389 | D:3      | 2389 ||| Stepping ~*~*~tactically~*~*~ (stealth).
  2392 | D:3      | 2392 ||| Stepping ~*~*~tactically~*~*~ (stealth).
  2472 | D:3      | XOM: summons 1 hostile shadow creature
  2473 | D:3      | 2473 ||| FLEEEEING.
  2474 | D:3      | 2474 ||| FLEEEEING.
  2475 | D:3      | 2475 ||| FLEEEEING.
  2476 | D:3      | 2476 ||| FLEEEEING.
  2513 | D:3      | 2513 ||| DROPPING +0 club.
  2536 | D:3      | 2536 ||| Stepping ~*~*~tactically~*~*~ (stealth).
  2541 | D:3      | Reached skill level 6 in Axes
  2545 | D:3      | 2545 ||| Stepping ~*~*~tactically~*~*~ (stealth).
  2547 | D:3      | 2547 ||| Stepping ~*~*~tactically~*~*~ (stealth).
  2575 | D:3      | Reached XP level 5. HP: 16/35 MP: 5/5
  2859 | D:3      | 2859 ||| DROPPING +0 mace.
  2904 | D:3      | Found a shimmering altar of Xom.
  2921 | D:3      | 2921 ||| FLEEEEING.
  3091 | D:3      | Found a glowing golden altar of the Shining One.
  3243 | D:3      | XOM: summons 14 hostile demons
  3244 | D:3      | Noticed a smoke demon
  3244 | D:3      | Noticed a chaos spawn
  3247 | D:3      | HP: 4/37 [chaos spawn[Xom] (13)]
  3247 | D:3      | Slain by a chaos spawn

Levels and vault maps discovered:
D:1:      dpeg_arrival_yet_another_circle, layout_loops_cross, st_stairs_7,
          serial_bayou_crossing
D:2:      kb_forest_paths, layout_basic, basic_altar,
          ebering_ecumenical_altar_petrified, minmay_tetromino_o2, uniq_jessica
D:3:      layout_basic, tso_altar, nicolae_overflow_crystal_walls,
          uniq_crazy_yiuf_cottage

Skill      XL: |  1  2  3  4  5 |
---------------+----------------+-----
Axes           | 4 5 6 |  6.2
Fighting       | 4 |  4.0
Armour         | |  2.4
Dodging        | |  1.1

Action                   |  1- 3 |  4- 6 || total
-------------------------+-------+-------++-------
Melee: Hand axe          |   107 |    38 ||   145
       War axe           |       |    73 ||    73
       Punch             |       |     1 ||     1
Invok: Renounce Religion |     1 |       ||     1
  Use: Scroll            |     5 |     3 ||     8
       Potion            |       |     1 ||     1
Armor: Leather armour    |    19 |       ||    19
       Ring mail         |    12 |    52 ||    64
Dodge: Dodged            |    57 |    52 ||   109

Table legend:
 A = Non-vault XP
 B = Vault XP
 C = Vault XP percentage of total XP
 D = Non-vault monster count
 E = Vault monster count
 F = Vault count percentage of total count
                 A         B        C        D         E       F
            +---------+---------+-------+---------+---------+-------
      Total |     169 |      51 |  23.2 |      59 |       9 |  13.2
            +---------+---------+-------+---------+---------+-------
        D:1 |      35 |       2 |   5.4 |      20 |       1 |   4.8
        D:2 |      33 |      49 |  59.8 |      18 |       8 |  30.8
        D:3 |     101 |       0 |   0.0 |      21 |       0 |   0.0
            +---------+---------+-------+---------+---------+-------
